Cogmind - Beta 16.1 @@@ ROGUE MODE // 2026.02.14 @ 20:21:28 Player: Stavbearer Result: Destroyed by Y-45 Defender with Beam Rifle Performance ------------- Evolutions (1) 500 Regions Visited (4) 800 Robots Destroyed (18) 90 Value Destroyed (612) 612 Prototype IDs (4) 80 Alien Tech Used (0) 0 Bonus (89) 89 TOTAL SCORE: 2171 Bonus ------- Follower Combat Kills 89 Cogmind --------- Core Integrity 0/400 Matter 300/300 Energy 100/100 System Corruption 5% Temperature Cool (9) Movement Core (50) Location -9/Storage Parts ------- > --- POWER (1) -------- (None) > --- PROPULSION (2) --- (None) > --- UTILITY (4) ------ Improved Heat Sink Signal Interpreter > --- WEAPON (2) ------- (None) > --- INVENTORY (5) ---- Improved Heat Sink Peak State ------------ > --- POWER ------------ Light Nuclear Core > --- PROPULSION ------- Wheel > --- UTILITY ---------- Improved Heat Sink Sensor Array Signal Interpreter Seismic Detector > --- WEAPON ----------- Heavy EM Shotgun Heavy EM Shotgun > --- INVENTORY -------- Ion Engine Improved Heat Sink Improved Propulsion Shielding Heavy EM Shotgun Grenade Launcher [Rating: 19] Favorites ----------- Power Ion Engine Engine Ion Engine Power Core Light Nuclear Core Propulsion Compact Wheel Leg Aluminum Leg Wheel Compact Wheel Utility Seismic Detector Device Seismic Detector Storage Small Storage Unit Processor Signal Interpreter Protection Light Armor Plating Weapon Heavy EM Shotgun Energy Gun Heavy EM Shotgun Ballistic Gun Heavy Assault Rifle Launcher Grenade Launcher Build | -11 -10 -10 -9 -9 ------- Run | Yrd Mat Min Mat Sto Slots Evolved 2 | . . . 2 . Power . | . . . . . Propulsion . | . . . . . Utility 2 | . . . 2 . Weapon . | . . . . . Parts Attached 34 | 7 2 1 16 8 Power 7 | 1 . 1 2 3 Engine 6 | 1 . 1 1 3 Core 1 | . . . 1 . Reactor . | . . . . . Propulsion 7 | 2 1 . 1 3 Treads . | . . . . . Leg 3 | . . . . 3 Wheel 4 | 2 1 . 1 . Hover . | . . . . . Flight . | . . . . . Utility 9 | 2 . . 6 1 Device 4 | 1 . . 3 . Storage 1 | 1 . . . . Processor 2 | . . . 2 . Hackware . | . . . . . Protection 2 | . . . 1 1 Artifact . | . . . . . Weapon 11 | 2 1 . 7 1 Energy Gun 9 | 2 1 . 5 1 Energy Cannon . | . . . . . Ballistic Gun 1 | . . . 1 . Ballistic Cannon . | . . . . . Launcher 1 | . . . 1 . Special Weapon . | . . . . . Impact Weapon . | . . . . . Slashing Weapon . | . . . . . Piercing Weapon . | . . . . . Special Melee Weapon . | . . . . . Unidentified Prototypes 4 | . . . 2 2 Corrupted Parts 2 | . . . 2 . System Corruption 5 | . . . 5 . Parts Lost 14 | . . . 1 13 Power 1 | . . . . 1 Propulsion 5 | . . . 1 4 Utility 3 | . . . . 3 Weapon 5 | . . . . 5 Highest Loss Streak 13 | . . . 1 13 To Critical Strikes . | . . . . . Average Backups 5 | 2 6 8 5 3 Power . | . 1 1 1 . Propulsion 1 | 1 3 4 1 . Utility 1 | . . 1 1 1 Weapon 1 | . 1 2 2 1 Tool/Special . | . . . . . Unused Backups 5 | . . . 4 1 Power . | . . . . . Propulsion 2 | . . . 2 . Utility 2 | . . . 1 1 Weapon 1 | . . . 1 . Tool/Special . | . . . . . Average Slot Usage (%) 95 | . 100 100 99 78 Engine 10 | . 14 14 10 6 Wheel 19 | . 28 28 21 5 Device 22 | . 14 14 22 30 Storage 3 | . 14 14 2 . Processor 9 | . . . 10 11 Protection 5 | . . . 7 1 Energy Gun 21 | . 28 28 21 14 Peak Build Rating 19 | 7 7 7 19 19 Average Rating 12 | 4 7 7 12 15 On Entrance 8 | . 7 7 7 19 Avg Prop Armor Cover (%) . | . . . . . Naked Turns . | . . . . . Heaviest Build 19 | 14 15 15 18 19 Greatest Support 32 | 32 32 26 26 20 Greatest Overweight (x) 6 | . . . 1 6 Average Overweight (x) . | . . . . 1 Largest Inventory Capacity 8 | 8 8 8 8 5 Average Capacity 5 | 6 8 8 5 5 Most Carried 8 | 5 8 8 8 5 Average Carried 5 | 2 6 8 5 3 Final Capacity 8 | 8 8 8 5 5 Final Carried 8 | 5 8 8 5 1 Class Distribution -------------------- 88% | Mutant 11% | Scavenger-Mutant Dominant Class ---------------- Mutant | -10/Materials Mutant | -10/Mines Mutant | -9/Materials Mutant | -9/Storage Resources | -11 -10 -10 -9 -9 ----------- Run | Yrd Mat Min Mat Sto Matter Collected 542 | 188 . 27 230 97 Remotely . | . . . . . Salvage Created 773 | 30 . 25 435 283 Parts 49 | 4 . 3 31 11 Haulers Intercepted . | . . . . . Recyclers Shooed 1 | . . 1 . . Parts Field Recycled . | . . . . . Retrieved Matter . | . . . . . Parts Self-Destructed . | . . . . . Prevented . | . . . . . Parts Restored . | . . . . . Kills | -11 -10 -10 -9 -9 ------- Run | Yrd Mat Min Mat Sto Combat Hostiles Destroyed 16 | . . 2 8 6 Guns 15 | . . 2 8 5 AOE 1 | . . . . 1 Classes Destroyed 5 | 1 . 1 3 . Tunneler 1 | 1 . . . . Watcher 1 | . . . 1 . Swarmer 2 | . . 2 . . Grunt 10 | . . . 5 5 Sentry 4 | . . . 3 1 Best Kill Streak 5 | 1 . 2 3 5 Combat Bots Only 5 | . . 2 3 5 Max Kills in Single Turn 2 | 1 . 2 1 1 Gunslinging 1 | . . 1 . . Exploded 1 | . . . . 1 Melee . | . . . . . Uniques/NPCs Destroyed . | . . . . . Combat | -11 -10 -10 -9 -9 -------- Run | Yrd Mat Min Mat Sto Hostile Shots Fired 133 | . . 6 31 96 Missed 27 | . . 1 9 17 Hits 106 | . . 5 22 79 Melee 7 | . . . . 7 Projectile 99 | . . 5 22 72 Critical Strikes 3 | . . . 1 2 Damage Taken 1567 | . . 41 352 1174 Core 416 | . . 8 43 365 Absorbed by Shields . | . . . . . Core Remaining (%) 98 | 100 . 96 . . Volleys Fired 42 | 2 . 2 22 16 Largest 2 | 2 . 2 2 2 Hottest 100 | 80 . 90 100 100 Shots Fired 70 | 4 . 4 43 19 Gun 69 | 4 . 4 42 19 Cannon . | . . . . . Launcher 1 | . . . 1 . Special . | . . . . . Kinetic . | . . . . . Thermal 15 | 2 . 2 11 . Explosive 1 | . . . 1 . Electromagnetic 54 | 2 . 2 31 19 Robot Hit Streak 22 | 1 . 3 22 11 Robot Miss Streak 4 | 2 . 1 4 2 Penetration Max . | . . . . . Secondary Targets 1 | . . 1 . . Max Gunslinging Chain 1 | . . 1 . . Shots Hit Robots 52 | 2 . 3 29 18 Core Hits 34 | 1 . 2 17 14 Critical Kills . | . . . . . Critical Parts Destroyed . | . . . . . Critical Strikes 1 | . . 1 . . Burn 1 | . . 1 . . Melee Attacks . | . . . . . Impact . | . . . . . Slashing . | . . . . . Piercing . | . . . . . Sneak Attacks . | . . . . . Combat Hostiles . | . . . . . Follow-up Attacks . | . . . . . Damage Inflicted 958 | 24 . 41 509 384 Guns 856 | 24 . 36 476 320 Cannons . | . . . . . Explosions 91 | . . . 33 58 Melee . | . . . . . Ramming 11 | . . 5 . 6 Kinetic . | . . . . . Thermal 212 | 12 . 24 118 58 Explosive . | . . . . . Electromagnetic 735 | 12 . 12 391 320 Impact . | . . . . . Slashing . | . . . . . Piercing . | . . . . . Highest Corruption 5 | . . . 5 5 Average Corruption 4 | . . . 4 5 Corruption Purged . | . . . . . Corruption Blocked . | . . . . . Effects 5 | . . . . 5 Matter Fused 1 | . . . . 1 Energy Discharges 1 | . . . . 1 Parts Rejected 1 | . . . . 1 Data Loss (minor) 1 | . . . . 1 Data Loss (major) 1 | . . . . 1 Overload Shots . | . . . . . Overflow Damage . | . . . . . Projectiles . | . . . . . Explosions . | . . . . . Melee . | . . . . . Knockbacks . | . . . . . Impact . | . . . . . Kinetic . | . . . . . Secondary . | . . . . . Self-Inflicted Damage 75 | . . 2 38 35 Shots 2 | . . . 1 1 Rammed 1 | . . 1 . . Targets Rammed 4 | . . 1 . 3 Kicked 3 | . . . . 3 Crushed . | . . . . . Highest Temperature 252 | 36 . 80 252 33 Average Temperature 58 | 20 . 45 69 13 Received Heat Transfer 564 | . . . 129 435 Effects 1 | . . . 1 . Energy Bleed 1 | . . . 1 . Siege Activations . | . . . . . Martial Activations . | . . . . . Shielding Activations . | . . . . . Robots Disrupted . | . . . . . Combat Hostiles . | . . . . . Robots Corrupted . | . . . . . Combat Hostiles . | . . . . . Parts Fried 2 | . . . 1 1 Impact Corruptions . | . . . . . Robots Melted . | . . . . . Combat Hostiles . | . . . . . Parts Melted 1 | . . . 1 . Heat Transferred 582 | 25 . 148 322 87 Parts Sabotaged . | . . . . . Parts Stolen . | . . . . . Parts Stripped . | . . . . . Power Chain Reactions 2 | . . . 1 1 Alert | -11 -10 -10 -9 -9 ------- Run | Yrd Mat Min Mat Sto Maximum Alert Level . | . . . . . Low Security (%) 100 | 100 100 100 100 100 Level 1 . | . . . . . Level 2 . | . . . . . Level 3 . | . . . . . Level 4 . | . . . . . Level 5 . | . . . . . High Security . | . . . . . Max Security . | . . . . . Peak Influence 189 | 5 4 50 117 189 Initial 46 | . . . 7 46 Average 27 | . . 26 14 100 Influence Increases 679 | 5 4 50 292 328 Destroy 0b10 Robot/C 420 | . . 40 160 220 Destroy 0b10 Robot/NC 10 | 5 . . 5 . Destroy Leader 102 | . . 10 52 40 Allied During Kill 17 | . . . . 17 Successful Hack 4 | . 4 . . . Disable Machine 15 | . . . 15 . Destroy Structure 21 | . . . 15 6 Partial Spotted 15 | . . . 15 . Lose Combat Pursuer 75 | . . . 30 45 Influence Decreases 575 | 5 4 30 201 335 Entered New Map 78 | . . . 13 65 Time Decay 317 | 5 4 30 178 100 Lost Part 140 | . . . 10 130 Lost Ally 40 | . . . . 40 Squads Dispatched 6 | . . . 1 5 Investigation 1 | . . . . 1 Extermination . | . . . . . Reinforcement 3 | . . . 1 2 Assault 2 | . . . . 2 Garrison . | . . . . . Intercept . | . . . . . Searches Triggered . | . . . . . Construction Impeded . | . . . . . Haulers Reinforced . | . . . . . Active Scanning Responses . | . . . . . Cargo Convoy Interrupts . | . . . . . Stealth | -11 -10 -10 -9 -9 --------- Run | Yrd Mat Min Mat Sto Distress Signals 4 | . 1 . 2 1 Communications Jammed . | . . . . . Distress Signals . | . . . . . Times Spotted 43 | . 1 3 15 24 Peak Tracking Total 14 | . 3 2 5 14 Tactical Retreats 5 | . . . 2 3 Traps | -11 -10 -10 -9 -9 ------- Run | Yrd Mat Min Mat Sto Traps Triggered 1 | . . . . 1 Indirectly . | . . . . . Trap Hack Attempts . | . . . . . Triggered . | . . . . . Disarmed . | . . . . . Reprogrammed . | . . . . . Reused . | . . . . . Traps Extracted . | . . . . . Installed . | . . . . . Triggered . | . . . . . Machines | -11 -10 -10 -9 -9 ---------- Run | Yrd Mat Min Mat Sto Machines Disabled 1 | . . . 1 . Max in Single Turn 1 | . . . 1 . Machines Repaired . | . . . . . Machines Dismantled . | . . . . . Machines Sabotaged . | . . . . . Overloaded Fab Kills . | . . . . . Hacking | -11 -10 -10 -9 -9 --------- Run | Yrd Mat Min Mat Sto Machines Accessed 4 | . 2 . 2 . Terminals 2 | . 1 . 1 . Fabricators . | . . . . . Repair Stations . | . . . . . Recycling Units 2 | . 1 . 1 . Scanalyzers . | . . . . . Garrison Access . | . . . . . Total Hacks 6 | . 4 . 2 . Successful 3 | . 2 . 1 . Failed 3 | . 2 . 1 . Catastrophic 1 | . . . 1 . Database Lockouts . | . . . . . Manual 3 | . . . 1 2 Terminals 3 | . 2 . 1 . Fabricators . | . . . . . Repair Stations . | . . . . . Recycling Units 3 | . 2 . 1 . Scanalyzers . | . . . . . Garrison Access . | . . . . . Terminal Hacks 1 | . 1 . . . Locate Traps 1 | . 1 . . . Fabricator Hacks . | . . . . . Repair Station Hacks . | . . . . . Recycling Unit Hacks 2 | . 1 . 1 . Report Inventory 2 | . 1 . 1 . Scanalyzer . | . . . . . Garrison Access Hacks . | . . . . . Unauthorized Hacks . | . . . . . Terminals . | . . . . . Fabricators . | . . . . . Repair Stations . | . . . . . Recycling Units . | . . . . . Scanalyzers . | . . . . . Garrison Access . | . . . . . Data Cores Recovered . | . . . . . Used . | . . . . . Hacking Detections 3 | . 2 . 1 . Full Trace Events . | . . . . . Feedback Events . | . . . . . Feedback Blocked . | . . . . . Robot Schematics Acquired . | . . . . . Robots Built . | . . . . . Authchips . | . . . . . Time . | . . . . . Total Robot Build Rating . | . . . . . Part Schematics Acquired . | . . . . . Parts Built . | . . . . . Authchips . | . . . . . Time . | . . . . . Total Part Build Rating . | . . . . . Part Studies Acquired . | . . . . . Parts Repaired . | . . . . . Time . | . . . . . Parts Recycled . | . . . . . Recycled Matter . | . . . . . Retrieved Matter . | . . . . . Retrieved Components . | . . . . . Parts Scanalyzed . | . . . . . Part Schematics Acquired . | . . . . . Parts Damaged . | . . . . . Bothacking | -11 -10 -10 -9 -9 ------------ Run | Yrd Mat Min Mat Sto Used RIF Installer . | . . . . . Robots Hacked . | . . . . . Non-combat . | . . . . . Combat . | . . . . . Robot Hacks Applied . | . . . . . Relay Couplers Released . | . . . . . Fabnet Peak Effective % . | . . . . . Robots Rewired . | . . . . . Allies Hacked . | . . . . . Hacks Repelled . | . . . . . Allies | -11 -10 -10 -9 -9 -------- Run | Yrd Mat Min Mat Sto Total Allies 2 | . . . . 2 Largest Group 2 | . . . . 2 Highest-Rated Group 62 | . . . . 62 Highest-Rated Ally 31 | . . . . 31 Total Orders . | . . . . . Ally Attacks 19 | . . . . 19 Total Damage 353 | . . . . 353 Kills 5 | . . . . 5 Allies Corrupted . | . . . . . Allies Melted . | . . . . . Intel | -11 -10 -10 -9 -9 ------- Run | Yrd Mat Min Mat Sto Active Infowar (turns) 1259 | 21 84 94 860 200 Sensors 1046 | . . . 846 200 Seismic 1220 | 21 84 94 860 161 Robot Analysis Total . | . . . . . Derelict Logs Recovered . | . . . . . Drone Launches . | . . . . . Drone Recoveries . | . . . . . Exploration | -11 -10 -10 -9 -9 ------------- Run | Yrd Mat Min Mat Sto Turns Passed 1319 | 72 84 94 860 209 Spaces Moved 881 | 56 81 91 557 96 Core 27 | 10 . . . 17 Treads . | . . . . . Legs 19 | . . . . 19 Wheels 835 | 46 81 91 557 60 Hover . | . . . . . Flight . | . . . . . Fastest Speed 50 | 50 90 90 80 50 Average Speed 93 | 91 97 90 90 115 Slowest Speed 350 | 100 100 90 95 350 Overloaded Moves . | . . . . . Propulsion Burnouts . | . . . . . Robots Hopped . | . . . . . Potential Cave-ins . | . . . . . Cave-ins Triggered . | . . . . . Exploration Rate (%) 17 | 4 15 21 33 16 Regions Visited 4 Branch Regions 2 Pre-discovered Areas . | . . . . . Known Exits Taken 1 | . . . 1 . Unknown Exits Taken 3 | 1 1 1 . . Scrap Searched . | . . . . . Spaces Dug . | . . . . . Terrain Destroyed 18 | . . . 13 5 Melee . | . . . . . Projectile . | . . . . . AOE 18 | . . . 13 5 Terrain Rammed . | . . . . . Walls Destroyed . | . . . . . Machines Disabled . | . . . . . Actions | -11 -10 -10 -9 -9 --------- Run | Yrd Mat Min Mat Sto Total 1292 | 69 84 98 869 172 Wait 304 | . . 4 257 43 Move 877 | 55 80 90 556 96 Hop . | . . . . . Pick Up 14 | 5 2 . 5 2 Fast Attach 16 | 7 . . 5 4 Attach 4 | . . . . 4 Detach . | . . . . . Swap 19 | . 2 1 14 2 Drop 12 | . . . 10 2 Fire 42 | 2 . 2 22 16 Melee . | . . . . . Ram 1 | . . 1 . . Kick 3 | . . . . 3 Crush . | . . . . . Escape Stasis . | . . . . . Rewire . | . . . . . Trap . | . . . . . Miscellaneous . | . . . . . Route ------- -11/Scrapyard -10/Materials -10/Mines -9/Materials -9/Storage History --------- Turn | Location | Event 2 | -11/Scrapyard | Met Revision 17 5 | -11/Scrapyard | Discovered new exit (range 15) 73 | -11/Scrapyard | Entered Materials 148 | -10/Materials | Discovered new exit (range 9) 157 | -10/Materials | Entered Mines 168 | -10/Mines | Met a Derelict bent on vengeance 247 | -10/Mines | Discovered new exit (range 4) 251 | -10/Mines | Entered Materials 251 | -9/Materials | Evolved 2 slots: Utility x2 303 | -9/Materials | Build established: Mutant 1090 | -9/Materials | Discovered new exit (range 9) 1100 | -9/Materials | Identified exit to Storage 1111 | -9/Materials | Entered Storage 1161 | -9/Storage | Met a pair of Derelict thieves 1287 | -9/Storage | Core integrity fell below 50% 1311 | -9/Storage | Core integrity fell below 20% 1320 | -9/Storage | Destroyed by Y-45 Defender with Beam Rifle Last Messages --------------- 01304_ Kicked I-25 Savior out of the way. 01306_ O-16 Technician sends out distress signal. 01306_ O-16 Technician: "IFF HANDSHAKE FAILED. SECURING TERMINAL." 01306_ R-06 Scavenger collects Prototype Flight Unit. 01309_ O-16 Technician uses terminal to summon reinforcements. 01309_ ALERT: Hostiles spotted, dispatching reinforcements to Terminal S012. 01309_ O-16 Technician locks terminal. 01310_ R-06 Scavenger collects Imp. Heat Sink. 01311_ Critical hit (Burn: +37). 01311_ Sensor Array destroyed. 01314_ Aluminum Leg destroyed. 01317_ Hvy. Ion Engine destroyed. 01317_ ALERT: Hostiles spotted, dispatching reinforcements to Terminal S004. 01318_ K-01 Serf collects debris. Map ----- +----------------------------------------------------+ | | | | | | | | | | | | | | | | | ?????????????????????????????????????????????????? | | ?????????????????????????????????????????????????? | | ?????????????????????????????????????????????????? | | ??????????????????????######?????????????????????? | | #####????????########## * *#?????????????????????? | | !########## ##T# * #?????????????????????? | | != ! # " #?????????????????????? | | " % * + *#?????????????????????? | | [%*% # " * #?????????????????????? | | #####+#### # # **#?????????????????????? | | ###+#?#*=%%[### ##########?????????????????????? | | ??????# % ### #??????????????????????????????? | | ??????# ###%% #??????????????????????????????? | | ??????# !% ### %#??????????????????????????????? | | ??????# #?# % #?####?????????????????????????? | | ??????# #?#% #?#T"#???????###???????????????? | | ??????# #?# ### "##### ##??????????????? | | ??????# ### o @ Y ????????? | | ??????# ! /uu % l Y ????????? | | ??????# ! ###u Y %k Y ????????? | | ??????# ! ####g########### #######?????????? | | ??????# ! ## #???????##+###???????????????? | | ??????######## #????????????????????????????? | | ?????????????# """ #????????????????????????????? | | ?????????????# """ #????????????????????????????? | | ?????????????# """ #???????????????????????????? | | ?????????????# """ ##???????????????????????????? | | ?????????????# """ #????????????????????????????? | | ?????????????# ????#????????????????????????????? | | ?????????????# ?????????????????????????????????? | | ?????????????/ ?????????????????????????????????? | | ?????????????# ?????????????????????????????????? | | ?????????????# ?????????????????????????????????? | | ?????????????##??????????????????????????????????? | | ?????????????????????????????????????????????????? | | ?????????????????????????????????????????????????? | | ?????????????????????????????????????????????????? | | ?????????????????????????????????????????????????? | | ?????????????????????????????????????????????????? | | ?????????????????????????????????????????????????? | | ?????????????????????????????????????????????????? | | ?????????????????????????????????????????????????? | +----------------------------------------------------+ Best States ------------- Heat Dissipation 42 Energy Generation 14 Energy Capacity 280 Matter Stores 300 Matter Capacity 300 Sight Range 16 Robot Scan Range 14 Terrain Scan Density 10 Armor Coverage 150 Evasion (%) 55 Item Schematics ----------------- None Robot Schematics ------------------ None Fabricated ------------ Nothing Repaired ---------- Nothing Studied --------- None Alien Tech Used ----------------- None Achievements -------------- You Again Challenges ------------ None Game ------ Seed MiniTripodBattery Manual? 0 Play Time 00:23:59 Cumulative 35.4 hours Start 2026.02.14 @ 19:58:54 End 2026.02.14 @ 20:21:28 Sessions 1 Manual Loads 0 Difficulty Rogue Special Mode None Game No. 32 Rogue 32 Adventurer 0 Explorer 0 Win Type - Total 0 Types 0/0/0/0/0/0/0/0/0/0 Lore% 11 Gallery% 25 Achievement% 17 Wizard Run 0 Options --------- Layout 2 ASCII 0 Keyboard 1 Movement Vi Keybinds 0 Fullscreen 2 Font 24/Smallcaps Map View 50x44 Zoom Use 0% Tactical HUD 1 Map Filters NONE Filters NONE Steam 1 RUN: 9088638a-1198-4697-943a-1de084fc3057